 Dungeon Crawl Stone Soup version 0.29-a0-322-g68df515428 (webtiles) character file.

Game seed: 14309360884960494991

27033 jisko22 the Severer (level 13, -7/111 HPs)
             Began as a Minotaur Hunter on Apr 7, 2022.
             Was a High Priest of Cheibriados.
             Mangled by a tentacled monstrosity (8 damage)
             ... on level 3 of the Abyss.
             The game lasted 00:43:15 (17653 turns).

jisko22 the Severer (Minotaur Hunter)              Turns: 17653, Time: 00:43:16

Health: -7/111     AC: 14    Str: 38    XL:     13   Next: 2%
Magic:  17/17      EV: 11    Int: 16    God:    Cheibriados [*****.]
Gold:   625        SH:  5    Dex: 25    Spells: 10/12 levels left

rFire   + . .      SeeInvis .   a - +10 war axe "Essat" {vorpal, rN+ Str+4}
rCold   . . .      Faith    .   (no shield)
rNeg    + . .      Spirit   .   v - +5 ring mail {rF+}
rPois   .          Reflect  +   (helmet restricted)
rElec   .          Harm     .   q - +2 cloak
rCorr   .          Rampage  .   (no gloves)
Will    .....                   (no boots)
Stlth   ++........              s - amulet of reflection
HPRegen 0.28/turn               (no ring)
MPRegen 0.15/turn               (no ring)

@: on berserk cooldown, slowed, constricted, studying Long Blades, very slow
A: horns 2, retaliatory headbutt, [clumsy 2], [dopey 2], [screaming 2]
a: Renounce Religion, Bend Time, Temporal Distortion, Slouch, Step From Time


You were on level 3 of the Abyss.
You worshipped Cheibriados.
Cheibriados was extremely pleased with you.
You visited 3 branches of the dungeon, and saw 16 of its levels.
You visited the Abyss 1 time.

You collected 919 gold pieces.
You spent 294 gold pieces at shops.

Inventory:

Hand Weapons
 a - the +10 war axe "Essat" (weapon) {vorpal, rN+ Str+4}
   (You found it on level 10 of the Dungeon)

   It inflicts extra damage upon your enemies.
   Str:       It affects your strength (+4).
   rN:        It protects you from negative energy.
 b - a +1 hand crossbow
 j - a +0 club
 t - a +0 halberd
 H - a +5 vampiric spear
Missiles
 w - 5 silver javelins
Armour
 e - a +0 leather armour
 p - a +0 chain mail
 q - a +2 cloak (worn)
 v - a +5 ring mail of fire resistance (worn)
 D - a +0 plate armour
Jewellery
 s - an amulet of reflection (around neck)
 E - a ring of see invisible
 G - a ring of resist corrosion
 K - a +6 ring of strength
 L - a ring of resist corrosion
Wands
 u - a wand of digging (3)
 N - a wand of paralysis (6)
 O - a wand of iceblast (5)
Scrolls
 c - 5 scrolls of immolation
 f - 2 scrolls of magic mapping
 x - 2 scrolls of fog
 A - 2 scrolls of noise
 B - 3 scrolls of teleportation
 C - 4 scrolls of identify
 F - 2 scrolls of blinking
 M - a scroll of fear
Potions
 d - 3 potions of resistance
 g - 3 potions of flight
 h - 5 potions of attraction
 i - a potion of degeneration
 k - a potion of heal wounds
 l - a potion of berserk rage
 m - 4 potions of brilliance
 n - 4 potions of curing
 o - a potion of magic {unknown}
 r - a potion of mutation {unknown}
 z - a potion of might {unknown}
 I - a potion of ambrosia {unknown}
 J - 4 potions of invisibility {unknown}


   Skills:
 - Level 9.4 Fighting
 - Level 15.5(17.0) Axes
 - Level 11.9(15.3) Polearms
 - Level 8.7 Crossbows
 - Level 6.0 Armour
 - Level 4.2 Dodging
 - Level 0.7 Stealth
 - Level 7.9 Invocations
 + Level 3.8 Evocations


You had 10 spell levels left.
You knew the following spells:

 Your Spells              Type           Power      Damage    Failure   Level
a - Blink                 Tloc           0%         N/A       43%         2

Your spell library contained the following spells:

 Spells                   Type           Power      Damage    Failure   Level
 Freeze                   Ice            0%         1d3       32%         1
 Sting                    Tmut/Pois      0%         1d3       32%         1
 Poisonous Vapours        Pois/Air       0%         N/A       43%         2
 Conjure Flame            Conj/Fire      0%         6-21      67%         3
 Frozen Ramparts          Ice            0%         1d2       67%         3
 Ignite Poison            Fire/Tmut/Pois 0%         N/A       67%         3
 Tukima's Dance           Hex            0%         N/A       67%         3
 Hailstorm                Conj/Ice       0%         3d3       97%         4
 Olgreb's Toxic Radiance  Pois           0%         N/A       97%         4
 Passage of Golubria      Tloc           0%         N/A       97%         4
 Sticky Flame             Conj/Fire      0%         2d3       97%         4
 Fireball                 Conj/Fire      0%         3d3       100%        5
 Iskenderun's Battlesphe  Conj           0%         2d6       100%        5
 Manifold Assault         Tloc           0%         N/A       100%        5
 Silence                  Hex/Air        0%         N/A       100%        5
 Yara's Violent Unravell  Hex/Tmut       0%         3d3       100%        5
 Conjure Ball Lightning   Conj/Air       0%         3x3d6     100%        6
 Orb of Destruction       Conj           0%         9d5       100%        7
 Storm Form               Tmut/Air       0%         N/A       100%        7
 Lehudib's Crystal Spear  Conj/Erth      0%         10d2      100%        8


Dungeon Overview and Level Annotations

Branches:
Dungeon (11/15)            Temple (1/1) D:4            Lair (4/6) D:11
  Swamp (0/4) Lair:3       Spider (0/4) Lair:3          Orc (0/2) D:10

Altars:
Ashenzari
Cheibriados
Dithmenos
Elyvilon
Fedhas
Gozag
Hepliaklqana
Kikubaaqudgha
Makhleb
Nemelex Xobeh
Okawaru
Qazlal
Ru
Sif Muna
Trog
Uskayaw
Vehumet
Wu Jian
Xom
Yredelemnul
Zin
The Shining One

Shops:
D:6 ?

Annotations:
D:5 1 runed translucent door, qwertyui's ghost, amateur GrFi
D:10 1 transporter
Lair:3 1 runed translucent door, Veysay's ghost, journeyman DjWz
Lair:4 Sonja


Innate Abilities, Weirdness & Mutations

You have a pair of horns on your head.
You reflexively headbutt those who attack you in melee.
[You are very clumsy. (Dex -4)]
[You are very dopey. (Int -4)]
[You frequently scream uncontrollably at your foes.]


Message History

The starspawn's tentacles wither and die.
You feel a strong urge to attack something.
You are no longer berserk.
You are exhausted.
You feel yourself slow down.
You start resting.
Magic restored.
You start resting.
A tentacled monstrosity comes into view.
A tentacled monstrosity is nearby!
A tentacled monstrosity is nearby!
The tentacled monstrosity tentacle-slaps you.
The tentacled monstrosity tentacle-slaps you!
The tentacled monstrosity tentacle-slaps you but does no damage.
The tentacled monstrosity grabs you.
The tentacled monstrosity constricts you!
* * * LOW HITPOINT WARNING * * *
You escape the tentacled monstrosity's grasp.
The tentacled monstrosity attacks as you move away!
The tentacled monstrosity misses you.
The tentacled monstrosity tentacle-slaps you but does no damage.
The tentacled monstrosity tentacle-slaps you!
* * * LOW HITPOINT WARNING * * *
The tentacled monstrosity misses you.
The tentacled monstrosity tentacle-slaps you but does no damage.
The tentacled monstrosity tentacle-slaps you.
* * * LOW HITPOINT WARNING * * *
The tentacled monstrosity grabs you.
The tentacled monstrosity constricts you!
* * * LOW HITPOINT WARNING * * *
You slice the tentacled monstrosity!!
The tentacled monstrosity is moderately wounded.
The tentacled monstrosity tentacle-slaps you but does no damage. x2
You block the tentacled monstrosity's attack.
The tentacled monstrosity constricts you.
* * * LOW HITPOINT WARNING * * *
You slash the tentacled monstrosity! You headbutt the tentacled monstrosity.
The tentacled monstrosity is moderately wounded.
The tentacled monstrosity tentacle-slaps you!
You die...

....#.....#......
. ... ......>..
.. . #.. .. .....
.....## #..
###...### .. #
##.## ##.## ##. #
§X§ ###...###..#
# . # ...
..........## ...
. .. .......X..#
#. . # . .
#.##.#@.## . .# #
#...## #.. .#
##.## ...# ## ..
. ## . ...


You could see a tentacled monstrosity.

Vanquished Creatures
  A dread lich (Abyss:2)
  A tentacled starspawn (Abyss:3)
  3 hydras
  A two-headed ogre (D:9)
  A wretched star (Abyss:3)
  Pikel (D:4)
  A manticore (D:10)
  A cyclops (D:11)
  A black mamba (Lair:4)
  4 cane toads
  7 elephants
  8 komodo dragons
  A troll (D:11)
  6 blink frogs (Lair:2)
  2 culicivoras (Lair:3)
  5 wyverns
  2 shadows (D:11)
  3 jumping spiders (Lair:3)
  Eustachio (D:4)
  3 basilisks
  39 yaks
  2 redbacks (Lair:3)
  A steam dragon (D:9)
  Edmund (D:4)
  3 wargs (D:11)
  2 acid dragons
  8 water moccasins
  3 ice beasts
  A sky beast (D:7)
  3 orc warriors
  2 black bears
  11 wolves (Lair:1)
  7 centaurs
  An ogre (D:5)
  5 kobold brigands
  13 bullfrogs
  A necrophage (D:5)
  A scorpion (D:5)
  8 wights
  17 killer bees
  8 howler monkeys
  5 hounds
  4 jellies
  8 orc priests
  Jessica (D:2)
  5 iguanas
  17 orc wizards
  4 gnolls (D:7)
  3 adders
  2 shadow imps
  2 white imps (D:6)
  A worm (D:3)
  2 dart slugs
  32 orcs
  7 bats
  6 endoplasms
  7 giant cockroaches
  8 goblins
  3 hobgoblins (D:1)
  7 jackals
  5 quokkas
  8 ball pythons
  8 frilled lizards
  25 kobolds
  6 rats
  A starspawn tentacle (Abyss:3)
367 creatures vanquished.

Vanquished Creatures (others)
  A kobold (D:6)
  13 fungi
  18 plants
  5 starspawn tentacles (Abyss:3)
37 creatures vanquished.

Grand Total: 404 creatures vanquished

Notes
Turn   | Place    | Note
-------+----------+-------------------------------------------
     0 | D:1      | jisko22 the Minotaur Hunter began the quest for the Orb.
     0 | D:1      | Reached XP level 1. HP: 18/18 MP: 0/0
    42 | D:1      | Reached XP level 2. HP: 26/26 MP: 1/1
   251 | D:1      | Reached XP level 3. HP: 31/31 MP: 2/2
  1323 | D:2      | Reached skill level 1 in Polearms
  1470 | D:2      | Reached XP level 4. HP: 36/40 MP: 3/3
  1582 | D:2      | Noticed Jessica
  1585 | D:2      | Killed Jessica
  1586 | D:2      | Reached skill level 1 in Armour
  1985 | D:2      | Found a faded altar of an unknown god.
  2069 | D:3      | Reached skill level 5 in Crossbows
  2328 | D:3      | Reached XP level 5. HP: 46/46 MP: 4/4
  2716 | D:3      | Found a bloodstained altar of Trog.
  2720 | D:3      | Found a hazy altar of Hepliaklqana.
  3477 | D:4      | Found a staircase to the Ecumenical Temple.
  3512 | Temple   | Entered the Ecumenical Temple
  3583 | Temple   | Became a worshipper of Cheibriados the Contemplative
  3610 | D:4      | Noticed Pikel
  3610 | D:4      | Noticed a lemure
  3610 | D:4      | Noticed a lemure
  3610 | D:4      | Noticed a lemure
  3610 | D:4      | Noticed a lemure
  3626 | D:4      | Killed Pikel
  3627 | D:4      | Reached skill level 5 in Fighting
  3627 | D:4      | Reached XP level 6. HP: 48/56 MP: 5/5
  3627 | D:4      | Reached XP level 7. HP: 52/61 MP: 6/6
  3810 | D:4      | Reached skill level 5 in Polearms
  3818 | D:4      | Reached skill level 5 in Armour
  3818 | D:4      | Noticed Eustachio
  3833 | D:4      | Killed Eustachio
  4217 | D:4      | Reached XP level 8. HP: 70/70 MP: 7/7
  4224 | D:4      | Found a white marble altar of Elyvilon.
  4292 | D:4      | Noticed Edmund
  4307 | D:4      | Killed Edmund
  4392 | D:5      | Entered Level 5 of the Dungeon
  4800 | D:4      | Reached * piety under Cheibriados
  4926 | D:5      | Found an ornate altar of the Wu Jian Council.
  5130 | D:5      | Reached XP level 9. HP: 68/79 MP: 8/8
  5248 | D:5      | Found a runed translucent door.
  5254 | D:5      | Noticed qwertyui's ghost (amateur GrFi)
  5720 | D:5      | Reached ** piety under Cheibriados
  6179 | D:6      | Reached skill level 10 in Polearms
  6364 | D:6      | Found Pozaegg's Magic Scroll Shop.
  6375 | D:6      | Bought a scroll of enchant armour for 105 gold pieces
  6375 | D:6      | Bought a scroll of teleportation for 42 gold pieces
  6375 | D:6      | Bought a scroll of teleportation for 42 gold pieces
  6375 | D:6      | Bought a scroll of blinking for 105 gold pieces
  6618 | D:7      | Reached *** piety under Cheibriados
  6961 | D:7      | Reached XP level 10. HP: 59/90 MP: 9/9
  7280 | D:7      | Reached skill level 1 in Invocations
  7911 | D:8      | Reached **** piety under Cheibriados
  8313 | D:8      | Reached skill level 5 in Invocations
  8571 | D:9      | Found a glowing golden altar of the Shining One.
  8724 | D:9      | Learned a level 2 spell: Blink
  8811 | D:9      | Reached ***** piety under Cheibriados
  9143 | D:9      | Noticed a two-headed ogre
  9163 | D:9      | Killed a two-headed ogre
  9692 | D:10     | Entered Level 10 of the Dungeon
 10382 | D:10     | Reached XP level 11. HP: 97/97 MP: 15/15
 10465 | D:10     | Identified the +10 war axe "Essat" {vorpal, rN+ Str+4}
 10549 | D:10     | Found a sparkling altar of Nemelex Xobeh.
 10549 | D:10     | Found a transporter.
 10549 | D:10     | Noticed a great orb of eyes
 10569 | D:10     | Identified the +0 chain mail of the Swamp {-Cast rF+ Dex+4
                  | Stlth+}
 10654 | D:10     | Reached skill level 1 in Axes
 11144 | D:10     | Found a sacrificial altar of Ru.
 11144 | D:10     | Found a broken altar of Ashenzari.
 11154 | D:10     | Reached skill level 2 in Axes
 11475 | D:10     | Found a staircase to the Orcish Mines.
 11538 | D:11     | Reached skill level 3 in Axes
 11596 | D:11     | Reached skill level 4 in Axes
 11725 | D:11     | Reached skill level 5 in Axes
 12013 | D:11     | Reached skill level 6 in Axes
 12038 | D:11     | Found a staircase to the Lair.
 12052 | D:11     | Reached skill level 7 in Axes
 12412 | D:11     | Reached skill level 8 in Axes
 12413 | D:11     | Reached ****** piety under Cheibriados
 12853 | Lair:1   | Entered Level 1 of the Lair of Beasts
 12859 | Lair:1   | Noticed a seven-headed hydra
 12871 | Lair:1   | Killed a seven-headed hydra
 12948 | Lair:1   | Reached skill level 9 in Axes
 13187 | Lair:1   | Reached skill level 10 in Axes
 13456 | Lair:1   | Reached XP level 12. HP: 78/105 MP: 16/16
 13613 | Lair:1   | Reached skill level 11 in Axes
 13679 | Lair:1   | Noticed a five-headed hydra
 13686 | Lair:1   | Killed a five-headed hydra
 14169 | Lair:1   | Reached skill level 12 in Axes
 14171 | Lair:1   | Noticed a seven-headed hydra
 14848 | Lair:2   | Reached skill level 13 in Axes
 15299 | Lair:2   | Reached skill level 14 in Axes
 16026 | Lair:3   | Found a runed translucent door.
 16027 | Lair:3   | Noticed Veysay's ghost (journeyman DjWz)
 16068 | Lair:3   | Found a hole to the Spider Nest.
 16245 | Lair:3   | Reached skill level 15 in Axes
 16689 | Lair:3   | Noticed a seven-headed hydra
 16690 | Lair:3   | Found a staircase to the Swamp.
 16700 | Lair:3   | Killed a seven-headed hydra
 16701 | Lair:3   | Reached skill level 1 in Evocations
 17373 | Lair:4   | Noticed Sonja
 17384 | Lair:4   | Reached XP level 13. HP: 101/111 MP: 11/17
 17388 | Lair:4   | Cast into level 1 of the Abyss (Sonja)
 17552 | Abyss:2  | Noticed a dread lich
 17556 | Abyss:2  | Noticed an Executioner
 17559 | Abyss:2  | Noticed a Tzitzimitl
 17561 | Abyss:2  | Noticed a Tzitzimitl
 17562 | Abyss:2  | Killed a dread lich
 17614 | Abyss:3  | Noticed a tentacled starspawn
 17633 | Abyss:3  | Killed a tentacled starspawn
 17648 | Abyss:3  | Noticed a tentacled monstrosity
 17652 | Abyss:3  | HP: 1/111 [constriction (6)]
 17653 | Abyss:3  | Mangled by a tentacled monstrosity

Illustrated notes

Levels and vault maps discovered:
D:1:      wander_arrival_desolate, layout_loops_cross, minmay_split_cup_small
D:2:      minmay_spotlight, layout_loops_ring,
          hellmonk_ecumenical_altar_prayer_group,
          minmay_misc_feat_secret_circle, uniq_jessica
D:3:      layout_loops_corners, minitemple
D:4:      layout_basic, mainiacjoe_overflow_brackets,
          minmay_temple_entry_glassed_door, hangedman_abyss_or_decor_slice,
          uniq_edmund, uniq_eustachio, uniq_pikel
D:5:      layout_loops_cross, marbit_many_paths, hellmonk_ghost_happy_afterlife
D:6:      layout_cave_pools, serial_shops, shop
D:7:      layout_loops_ring
D:8:      layout_basic, serial_corexii_hall, corexii_hall_statues_i,
          corexii_hall_statues_i
D:9:      layout_roguey, mainiacjoe_overflow_cross_hatched
D:10:     layout_basic, grunt_nemelex_the_gamble,
          gammafunk_temple_overflow_elements, orc_0_dummy
D:11:     layout_loops_ring, erik_lair_orcish_takeover, serial_rivers,
          chequers_serial_rivers_large_b, chequers_serial_rivers_room_b,
          chequers_serial_rivers_micro_e, chequers_serial_rivers_small_3,
          chequers_serial_rivers_micro_d, chequers_serial_rivers_micro_c,
          minmay_unpleasant_kobolds
Temple:   nicolae_temple_great_sept
Lair:1:   layout_chaotic_city, beast_lair_carwin_11, grunt_megastairs_3
Lair:2:   layout_cave_pods
Lair:3:   layout_concentric_octagons, minmay_swamp_entry_reptiles,
          nicolae_spider_entry_tight_spaces, ebering_ghost_inner_flame
Lair:4:   layout_long_grid, nicolae_volcano_entry_hallway, beast_lair_carwin_8,
          lemuel_fruit_tree, uniq_sonja, uniq_kirke
Abyss:3:  base:
Lair:2

Skill      XL: |  1  2  3  4  5  6  7  8  9 10 11 12 |
---------------+-------------------------------------+-----
Fighting       | 3 4 5 7 8 9 |  9.4
Polearms       | 1 2 4 6 8 11 | 11.9
Dodging        | 3 4 |  4.2
Armour         | 1 4 5 6 |  6.0
Crossbows      | 5 6 7 8 |  8.7
Invocations    | 7 |  7.9
Axes           | 10 15 | 15.5
Evocations     | 3 |  3.8
Stealth        | |  0.7

Action                   |  1- 3 |  4- 6 |  7- 9 | 10-12 | 13-15 || total
-------------------------+-------+-------+-------+-------+-------++-------
Melee: Unarmed           |     2 |       |       |       |       ||     2
       Club              |     3 |       |       |       |       ||     3
       Spear             |    15 |    41 |   297 |   278 |       ||   631
       Headbutt          |     2 |     6 |    64 |   108 |     7 ||   187
       Punch             |       |       |     2 |     7 |       ||     9
       War axe           |       |       |       |   230 |    26 ||   256
 Fire: Hand crossbow     |    93 |    29 |    40 |   148 |       ||   310
Invok: Slouch            |       |       |       |     4 |     1 ||     5
       Bend Time         |       |       |       |     2 |       ||     2
Evoke: Wand              |       |       |       |     1 |     1 ||     2
  Use: Scroll            |     4 |     5 |     1 |    15 |       ||    25
       Potion            |       |       |     2 |     3 |     2 ||     7
 Stab: Distracted        |       |       |       |     3 |       ||     3
       Sleeping          |       |       |       |     1 |       ||     1
Armor: Leather armour    |    10 |     1 |       |       |       ||    11
       Chain mail        |       |    22 |    39 |       |       ||    61
       Ring mail         |       |       |    80 |   142 |    18 ||   240
Dodge: Dodged            |    24 |    14 |   100 |   297 |    15 ||   450
Block: Other             |       |     6 |    56 |    92 |     8 ||   162
       Reflection        |       |       |     3 |     2 |     2 ||     7

Table legend: (Time is in decaauts)
 A = Elapsed time spent in this place.
 B = Non-inter-level travel time spent in this place.
 C = Inter-level travel time spent in this place.
 D = Time resting spent in this place.
 E = Time spent auto-exploring this place.
 F = Levels seen in this place.
 G = Mean time per level.
                   A        B        C        D        E       F      G
               +--------+--------+--------+--------+--------+-----+--------+
         Total |  23099 |  22118 |    981 |   4054 |  15024 |  19 | 1215.7 |
       Dungeon |  16109 |  15310 |    799 |   2877 |  10398 |  11 | 1464.5 |
        Temple |     84 |     72 |     12 |      0 |     16 |   1 |   84.0 |
          Lair |   6547 |   6378 |    169 |   1024 |   4609 |   4 | 1636.8 |
         Abyss |    359 |    359 |      0 |    152 |      0 |   3 |  119.7 |
               +--------+--------+--------+--------+--------+-----+--------+

Top non-repeatable levels by time:
  Lair:1: 2421 daAuts
    D:10: 2395 daAuts
    D:11: 2274 daAuts
  Lair:3: 2103 daAuts
  Lair:2: 2010 daAuts
     D:4: 1727 daAuts
     D:9: 1620 daAuts
     D:7: 1462 daAuts
     D:5: 1343 daAuts
     D:8: 1323 daAuts
     D:1: 1183 daAuts
     D:3: 1065 daAuts
     D:2: 892 daAuts
     D:6: 821 daAuts
 Abyss:2: 163 daAuts
